 Dungeon Crawl Stone Soup version 0.17-a0-1900-g45e8110 (webtiles) character file.

4644 tp1 the Thaumaturge (level 10, -2/51 HPs)
             Began as a Deep Elf Conjurer on Sept 24, 2015.
             Slain by a sky beast (6 damage)
             ... on level 8 of the Dungeon.
             The game lasted 01:33:49 (8777 turns).

tp1 the Thaumaturge (Deep Elf Conjurer)             Turns: 8777, Time: 01:33:49

Health: -2/51      AC:  2    Str:  7    XL:     10   Next: 20%
Magic:  14/30      EV: 15    Int: 22    God:
Gold:   414        SH:  0    Dex: 21    Spells: 3 memorised, 29 levels left

rFire  . . .     SeeInvis .     B - +1 quarterstaff (drain)
rCold  . . .     Clarity  .     (no armour)
rNeg   . . .     SustAt   .     (no shield)
rPois  +         Gourm    .     I - +1 hat
rElec  .         Spirit   .     D - +0 cloak
rCorr  .         Warding  .     (no gloves)
rMut   .         Stasis   .     (no boots)
MR     +....                    (no amulet)
Stlth  ++........               w - +6 ring of dexterity
                                l - ring of poison resistance

@: somewhat resistant to hostile enchantments, unstealthy
A: no striking features
a: no special abilities


You were on level 8 of the Dungeon.
You were full.

You visited 2 branches of the dungeon, and saw 9 of its levels.

You collected 498 gold pieces.
You spent 84 gold pieces at shops.

Inventory:

Hand weapons
 t - a +1 quarterstaff of protection
 B - a +1 quarterstaff of draining (weapon)
Armour
 a - a +2 robe
 m - a +0 robe
 D - a +0 cloak (worn)
 I - a +1 hat (worn)
Jewellery
 l - a ring of poison resistance (left hand)
 n - an uncursed ring of protection from magic
 w - a +6 ring of dexterity (right hand)
 F - an uncursed ring of see invisible {unknown}
 K - an uncursed ring of protection from fire {unknown}
Magical devices
 j - a wand of confusion (16)
 r - a wand of fire (13)
 s - a wand of lightning (2)
 v - a wand of frost (6)
 y - a wand of draining (5)
 G - a wand of fireball (8)
 L - a wand of draining (1)
Scrolls
 g - a scroll of identify
 h - 4 scrolls of teleportation
 k - 3 scrolls of amnesia
 o - 3 scrolls of enchant weapon
 q - a scroll of magic mapping
 u - 6 scrolls of remove curse
 x - a scroll of fog
 E - 2 scrolls of fear
Potions
 e - a potion of cancellation
 f - 3 potions of brilliance
 i - 2 potions of heal wounds
 p - a potion of magic
 z - a potion of degeneration
 H - 2 potions of resistance
Books
 b - a book of Conjurations

   Spells                             Type                      Level
   a - Magic Dart                     Conjuration                  1
   b - Searing Ray                    Conjuration                  2
   c - Dazzling Spray                 Conjuration/Hexes            3
   d - Fulminant Prism                Conjuration/Hexes            4
   e - Iskenderun's Mystic Blast      Conjuration                  4
   f - Iskenderun's Battlesphere      Conjuration/Charms           5
 C - a book of Battle

   Spells                             Type                      Level
   a - Infusion                       Charms                       1
   b - Shroud of Golubria             Charms/Translocation         2
   c - Song of Slaying                Charms                       2
   d - Spectral Weapon                Hexes/Charms                 3
   e - Regeneration                   Charms/Necromancy            3
Comestibles
 c - a bread ration
 d - 4 meat rations
 A - 4 beef jerkies
 J - 7 slices of pizza


   Skills:
 + Level 0.4 Fighting
 + Level 3.7 Dodging
 - Level 2.4 Stealth
 + Level 14.3 Spellcasting
 - Level 7.3 Conjurations
 + Level 10.9 Charms


You had 29 spell levels left.
You knew the following spells:

 Your Spells              Type           Power        Failure   Level  Hunger
a - Magic Dart            Conj           ####         1%          1    None
b - Searing Ray           Conj           #####.       1%          2    None
c - Iskenderun's Battles  Conj/Chrm      ######..     2%          5    ###....


Dungeon Overview and Level Annotations

Branches:
Dungeon (8/15)             Temple (1/1) D:4
   Lair: D:8-11

Altars:
Ashenzari
Cheibriados
Dithmenos
Elyvilon
Fedhas
Gozag
Kikubaaqudgha
Makhleb
Nemelex Xobeh
Okawaru
Ru
Sif Muna
Trog
Yredelemnul
Zin
The Shining One

Shops:
D:4 *   D:6 (


Message History

Casting: Iskenderun's Battlesphere
Confirm with . or Enter, or press ? or * to list all spells.
Aiming: Magic Dart
Press: ? - help, Shift-Dir - straight line The magic dart hits something.
Your battlesphere fires!
The barrage of energy hits something.
Something hits you.
* * * LOW HITPOINT WARNING * * *
Something shocks you.
* * * LOW HITPOINT WARNING * * *
Casting: Magic Dart
Confirm with . or Enter, or press ? or * to list all spells.
Aiming: Magic Dart
Press: ? - help, Shift-Dir - straight line The magic dart hits something.
Your battlesphere fires!
The barrage of energy hits something.
Something hits you.
* * * LOW HITPOINT WARNING * * *
Something shocks you.
You die...

##.#.#..##..##
#.#.#.
#...#..>....###.#.##
###.....##[..##.#.##
#.##..#...........
#.##..#...........
#.############.##.
#.### #.##.
#*8.#.#.# #.##.
#@{...... #....
#........ #.###
#.8.#.#.# #.# #
#.#⌠### # #.# #
..### #.### ...
#..#. ... ##... ....
##.. ##.


There were no monsters in sight!

Vanquished Creatures
  Erolcha (D:8)
  Pikel (D:8)
  Grinder (D:4)
  A human (D:7)
  A hog (D:7)
  Edmund (D:4)
  A phantom (D:4)
  6 ogres
  A sky beast (D:6)
  An orc warrior (D:8)
  An ice beast (D:7)
  3 centaurs (D:8)
  A big kobold (D:7)
  Blork the orc (D:6)
  2 giant frogs
  3 scorpions
  4 wights (D:8)
  3 electric eels (D:7)
  6 crimson imps
  A centaur zombie (D:6)
  2 giant frog skeletons
  2 giant frog zombies
  A quasit (D:4)
  Crazy Yiuf (D:6)
  6 orc priests
  A hound (D:5)
  8 orc wizards
  A centaur skeleton (D:3)
  An iguana (D:7)
  2 worker ants
  3 sheep (D:7)
  3 gnolls (D:7)
  2 shadow imps
  16 adders
  2 adder skeletons
  A worm (D:3)
  7 giant geckos
  30 orcs
  2 ball pythons
  5 bats
  9 giant cockroaches
  8 goblins
  11 hobgoblins
  6 jackals
  14 kobolds
  8 quokkas
  A ball python skeleton (D:4)
  A giant gecko skeleton (D:5)
  5 giant newts
  A jackal zombie (D:4)
  10 rats
210 creatures vanquished.

Vanquished Creatures (others)
  2 slaves (D:8)
  A human (D:5)
  A hound zombie (D:8)
  A giant gecko zombie (D:8)
5 creatures vanquished.

Grand Total: 215 creatures vanquished

Notes
Turn   | Place    | Note
--------------------------------------------------------------
     0 | D:1      | tp1 the Deep Elf Conjurer began the quest for the Orb.
     0 | D:1      | Reached XP level 1. HP: 10/10 MP: 6/6
   104 | D:1      | Reached XP level 2. HP: 15/15 MP: 0/8
   256 | D:1      | Reached skill level 5 in Conjurations
   378 | D:1      | Learned a level 2 spell: Searing Ray
   665 | D:1      | Reached XP level 3. HP: 19/19 MP: 5/9
   951 | D:2      | Found a glowing golden altar of the Shining One.
   975 | D:2      | Reached skill level 6 in Conjurations
  1323 | D:2      | Reached XP level 4. HP: 18/24 MP: 4/10
  1541 | D:2      | Found a glowing golden altar of the Shining One.
  1910 | D:3      | Noticed an ogre
  1919 | D:3      | Killed an ogre
  1919 | D:3      | Reached skill level 7 in Conjurations
  1919 | D:3      | Reached XP level 5. HP: 28/28 MP: 2/11
  1926 | D:3      | Learned a level 5 spell: Iskenderun's Battlesphere
  2084 | D:3      | Reached skill level 1 in Charms
  2366 | D:3      | Found a snail-covered altar of Cheibriados.
  2368 | D:3      | Found an iron altar of Okawaru.
  2567 | D:3      | Found a white marble altar of Elyvilon.
  2789 | D:3      | Found a bloodstained altar of Trog.
  2842 | D:3      | Reached XP level 6. HP: 28/32 MP: 3/12
  3297 | D:4      | Reached skill level 5 in Charms
  3414 | D:4      | Found Piabippits's Assorted Antiques.
  3429 | D:4      | Bought a runed quarterstaff for 84 gold pieces
  3685 | D:4      | Reached XP level 7. HP: 36/36 MP: 6/15
  3755 | D:4      | Noticed Edmund
  3762 | D:4      | Killed Edmund
  3762 | D:4      | Reached skill level 5 in Spellcasting
  3958 | D:4      | Found a blossoming altar of Fedhas.
  3980 | D:4      | Noticed Grinder
  4012 | D:4      | Killed Grinder
  4154 | D:4      | Found a staircase to the Ecumenical Temple.
  4163 | Temple   | Entered the Ecumenical Temple
  4449 | D:4      | Reached XP level 8. HP: 41/41 MP: 19/21
  4606 | D:5      | Entered Level 5 of the Dungeon
  4623 | D:5      | Reached skill level 8 in Spellcasting
  4689 | D:5      | Found a burning altar of Makhleb.
  5121 | D:5      | Reached skill level 9 in Spellcasting
  5224 | D:5      | Found a shadowy altar of Dithmenos.
  5523 | D:5      | Found an ancient bone altar of Kikubaaqudgha.
  5635 | D:6      | Noticed Blork the orc
  5640 | D:6      | Killed Blork the orc
  5718 | D:6      | Reached skill level 10 in Spellcasting
  5933 | D:6      | Noticed Crazy Yiuf
  5936 | D:6      | Killed Crazy Yiuf
  5981 | D:6      | Found Aholyhux's Antique Weapon Shoppe.
  6074 | D:6      | Found a sparkling altar of Nemelex Xobeh.
  6326 | D:7      | Reached skill level 11 in Spellcasting
  6326 | D:7      | Reached XP level 9. HP: 45/45 MP: 22/26
  7054 | D:7      | Reached skill level 12 in Spellcasting
  7518 | D:7      | Reached skill level 10 in Charms
  7901 | D:8      | Noticed Pikel
  7907 | D:8      | Killed Pikel
  7907 | D:8      | Reached skill level 13 in Spellcasting
  8234 | D:8      | Reached XP level 10. HP: 51/51 MP: 26/29
  8280 | D:8      | Found a deep blue altar of Sif Muna.
  8314 | D:8      | Noticed Erolcha
  8317 | D:8      | Killed Erolcha
  8317 | D:8      | Reached skill level 14 in Spellcasting
  8777 | D:8      | Slain by a sky beast

Vault maps used:
D:1:      zelgadis_glass_arrival_small
D:2:      tso_metal_star, kennysheep_flooded_box
D:3:      nicolae_overflow_hidden_temple
D:4:      fedhas_altar_2, minmay_temple_entry_large_hall, first_bread,
          serial_shops, shop_coins, uniq_edmund, uniq_grinder
D:5:      grunt_dithmenos_smoke_and_mirrors, lemuel_round_altar,
          tgw_kikubaaqudgha
D:6:      nemelex_deck, serial_shops, kennysheep_mini, uniq_blork_the_orc,
          uniq_crazy_yiuf_cottage
D:7:      statuecave_lemuel, grunt_livestock, kennysheep_generic_room_4
D:8:      tgw_sif, minitemple, glass_columns_b, grunt_ministairs_3,
          dk_rats_in_the_wall, uniq_pikel, uniq_erolcha
Temple:   circular_temple_6

Action                   |  1- 3 |  4- 6 |  7- 9 | 10-12 || total
-------------------------+-------+-------+-------+-------++-------
Melee: Unarmed           |     5 |    17 |       |       ||    22
       Quarterstaff      |       |       |     5 |       ||     5
 Cast: Magic Dart        |    61 |    91 |   224 |    19 ||   395
       Searing Ray       |     3 |     7 |     7 |     6 ||    23
       Iskenderun's Batt |       |     8 |    42 |     7 ||    57
  Use: Scroll            |     4 |       |    12 |       ||    16
       Potion            |       |       |     3 |       ||     3
  Eat: Pizza             |     1 |       |       |       ||     1
       Beef jerky        |       |     1 |       |       ||     1
       Meat ration       |       |     1 |     1 |       ||     2
       Bread ration      |       |     1 |     5 |       ||     6
       Royal jelly       |       |       |     1 |       ||     1
